 Dungeon Crawl Stone Soup version 0.30-a0-12-gd8047c6341 (webtiles) character file.

Game seed: 18370293193224933312

135695 Zeldest the Black Belt (level 17, -2/157 (158) HPs)
             Began as a Naga Transmuter on Aug 23, 2022.
             Was the Champion of Cheibriados.
             Slain by a naga warrior
             ... wielding a +1 trident of freezing
              (6 damage)
             ... on level 3 of the Snake Pit.
             The game lasted 01:51:42 (13806 turns).

Zeldest the Black Belt (Naga Transmuter)           Turns: 13806, Time: 01:51:43

HP:   -2/157 (158)  AC: 21    Str: 27    XL:     17   Next: 20%
MP:   27/27         EV:  7    Int: 38    God:    Cheibriados [******]
Gold: 529           SH: 15    Dex: 36    Spells: 3/30 levels left

rFire   . . .      SeeInvis +      - Unarmed
rCold   . . .      Faith    .    S - +0 kite shield
rNeg    . . .      Spirit   .    Q - +2 scale mail "Owirchihie" {Regen+ Int+2 Dex+8}
rPois   +          Reflect  .    b - +0 helmet
rElec   .          Harm     .    B - +0 cloak {Stlth+}
rCorr   .          Rampage  .    k - +0 pair of gloves
Will    ++...                    s - +1 barding
Stlth   ++........               m - amulet of regeneration
HPRegen 1.96/turn                z - ring of wizardry
MPRegen 0.20/turn                I - ring of wizardry

@: wereblooded, constricted, lightly drained, very slow
A: AC +5, large, see invisible, deformed body, poison resistance, slowness 2,
spit poison 1, naga tail 2
a: Spit Poison, Renounce Religion, Bend Time, Temporal Distortion, Slouch, Step
From Time


You were on level 3 of the Snake Pit.
You worshipped Cheibriados.
Cheibriados was exalted by your worship.
You visited 6 branches of the dungeon, and saw 27 of its levels.

You collected 2200 gold pieces.
You spent 1671 gold pieces at shops.

Inventory:

Missiles
 u - 2 silver javelins
Armour
 b - a +0 helmet (worn)
 k - a +0 pair of gloves (worn)
 s - a +1 barding (worn)
 B - a +0 cloak of stealth (worn)
 L - the +0 helmet "Sikkap" {Drain rElec rF- rCorr}
   (You found it on level 3 of the Lair of Beasts)

   rF:        It makes you vulnerable to fire.
   rElec:     It insulates you from electricity.
   rCorr:     It protects you from acid and corrosion.
   Drain:     It drains your maximum health when unequipped.
 Q - the +2 scale mail "Owirchihie" (worn) {Regen+ Int+2 Dex+8}
   (You found it on level 14 of the Dungeon)

   Int:       It affects your intelligence (+2).
   Dex:       It affects your dexterity (+8).
   Regen:     It increases your rate of health regeneration.
 R - a +0 tower shield
 S - a +0 kite shield (worn)
Jewellery
 m - an amulet of regeneration (around neck)
 t - a +4 ring of protection
 z - a ring of wizardry (left hand)
 I - a ring of wizardry (right hand)
Wands
 a - a wand of iceblast (17)
 r - a wand of flame (42)
 y - a wand of acid (19)
 G - a wand of polymorph (4)
 H - a wand of mindburst (20)
 N - a wand of digging (5)
Scrolls
 e - 6 scrolls of fear
 f - 8 scrolls of teleportation
 g - a scroll of magic mapping
 h - 3 scrolls of vulnerability
 i - 3 scrolls of immolation
 l - 6 scrolls of noise
 o - a scroll of torment
 q - 3 scrolls of butterflies
 v - 2 scrolls of poison
 C - a scroll of silence
 D - a scroll of blinking
 M - a scroll of amnesia
 O - 3 scrolls of identify
 P - a scroll of summoning
Potions
 c - 3 potions of brilliance
 d - 5 potions of curing
 j - 3 potions of berserk rage
 n - 3 potions of attraction
 p - a potion of haste
 w - 3 potions of invisibility
 x - 6 potions of lignification
 A - 3 potions of mutation
 E - 3 potions of might
 J - 3 potions of heal wounds
 K - 4 potions of magic
Miscellaneous
 F - a condenser vane


   Skills:
 + Level 11.6 Fighting
 + Level 4.1 Armour
 - Level 4.8 Dodging
 + Level 8.3 Shields
 + Level 15.4 Unarmed Combat
 - Level 7.0 Spellcasting
 - Level 7.0 Conjurations
 - Level 6.9 Translocations
 - Level 11.6 Transmutations
 - Level 3.0 Ice Magic
 - Level 6.7 Earth Magic
 - Level 3.0 Poison Magic
 - Level 12.0 Invocations
 - Level 3.8 Evocations


You had 3 spell levels left.
You knew the following spells:

 Your Spells              Type           Power      Damage    Failure   Level
a - Beastly Appendage     Tmut           100%       N/A       1%          1
b - Wereblood             Tmut           80%        N/A       1%          2
c - Blink                 Tloc           100%       N/A       1%          2
d - Ice Form              Ice/Tmut       62%        N/A       1%          4
e - Irradiate             Conj/Tmut      35%        3d23      2%          5
f - Manifold Assault      Tloc           60%        N/A       5%          5
g - Apportation           Tloc           100%       N/A       1%          1
h - Dragon Form           Tmut           40%        N/A       22%         7

Your spell library contained the following spells:

 Spells                   Type           Power      Damage    Failure   Level
 Foxfire                  Conj/Fire      100%       2x1d9     1%          1
 Freeze                   Ice            100%       1d11      1%          1
 Sandblast                Erth           100%       2d20      1%          1
 Shock                    Conj/Air       100%       1d9       1%          1
 Passwall                 Tmut/Erth      58%        N/A       1%          2
 Static Discharge         Conj/Air       39%        3-8/arc   1%          2
 Ignite Poison            Fire/Tmut/Pois 50%        N/A       1%          3
 Lesser Beckoning         Tloc           60%        N/A       1%          3
 Spider Form              Tmut/Pois      62%        N/A       1%          3
 Stone Arrow              Conj/Erth      100%       3d13      1%          3
 Conjure Flame            Conj/Fire      39%        6-21      2%          3
 Portal Projectile        Hex/Tloc       78%        N/A       2%          3
 Necrotise                Necr           52%        1d6       3%          1
 Summon Small Mammal      Summ           52%        N/A       3%          1
 Frozen Ramparts          Ice            72%        1d11      3%          3
 Inner Flame              Hex/Fire       13%        N/A       10%         3
 Tukima's Dance           Hex            13%        N/A       10%         3
 Blade Hands              Tmut           40%        N/A       1%          5
 Hailstorm                Conj/Ice       50%        3d11      4%          4
 Alistair's Intoxication  Tmut/Pois      41%        N/A       4%          5
 Flame Wave               Conj/Fire      39%        2d11      8%          4
 Sticky Flame             Conj/Fire      39%        2d6       8%          4
 Animate Armour           Summ/Erth      76%        N/A       9%          4
 Borgnjor's Vile Clutch   Necr/Erth      19%        N/A       21%         5
 Fireball                 Conj/Fire      19%        3d9       21%         5
 Eringya's Noxious Bog    Tmut/Pois      31%        N/A       24%         6
 Dispel Undead            Necr           13%        3d9       28%         4
 Iron Shot                Conj/Erth      30%        9d6       28%         6
 Silence                  Hex/Air        6%         N/A       58%         5
 Starburst                Conj/Fire      19%        6d7       69%         6
 Ignition                 Fire           6%         3d4       100%        8


Dungeon Overview and Level Annotations

Branches:
Dungeon (15/15)            Temple (1/1) D:7            Lair (5/5) D:11
  Swamp (1/4) Lair:2        Snake (3/4) Lair:3        Slime (0/5) Lair:4
    Orc (2/2) D:12            Elf (0/3) Orc:2        Vaults (0/5) D:13
 Depths (0/4) D:15

Altars:
Ashenzari
Cheibriados
Elyvilon
Gozag
Hepliaklqana
Kikubaaqudgha
Nemelex Xobeh
Qazlal
Ru
Sif Muna
Trog
Uskayaw
Vehumet
Wu Jian
Yredelemnul
Zin
Jiyva
Lugonu

Shops:
D:3 [   D:9 =(   D:11 ?   D:14 (   Orc:2 :(?

Portals:
Abyss: Lair:5

Annotations:
Lair:2 3 runed translucent doors, Hailok's ghost, journeyman MfGl
Lair:3 2 transporters
Lair:5 exclusion: orange crystal statue


Innate Abilities, Weirdness & Mutations

Your serpentine skin is tough. (AC +5)
You have supernaturally acute eyesight. (SInv)
Armour fits poorly on your strangely shaped body.
Your system is resistant to poisons. (rPois)
You cover ground very slowly.
You can spit poison.
You can use your snake-like lower body to constrict enemies.


Message History

You block the anaconda's attack. The anaconda constricts you.
The salamander barely misses you. You block the naga warrior's attack.
The anaconda bites you but does no damage.
The anaconda constricts you. You block the naga warrior's attack.
You hit the anaconda but do no damage. You grab the anaconda.
You constrict the anaconda. The anaconda bites you.
The anaconda constricts you. The naga warrior spits poison at you.
The splash of poison hits you. You resist. You block the salamander's attack.
The anaconda bites you. The anaconda constricts you.
You pummel the anaconda!!
The anaconda is heavily wounded.
You constrict the anaconda. The naga warrior spits poison at you.
The splash of poison hits you but does no damage.
You resist. The anaconda bites you! The anaconda constricts you.
You block the salamander's attack.
The naga warrior roars a battlecry!
The nagas go into a battle-frenzy!
You punch the anaconda!
The anaconda is severely wounded.
You constrict the anaconda. You block the anaconda's attack.
The anaconda constricts you. You block the naga warrior's attack.
The salamander hits you but does no damage.
The naga warrior hits you but does no damage.
The anaconda bites you.
* * * LOW HITPOINT WARNING * * *
The anaconda constricts you.
You pummel the anaconda!!
You feel a bit better.
You kill the anaconda!
Cheibriados thoroughly appreciates the change of pace.
The naga warrior hits you with a +0 long sword!!
* * * LOW HITPOINT WARNING * * *
The naga warrior grabs you. The naga warrior constricts you.
* * * LOW HITPOINT WARNING * * *
You block the salamander's attack.
The naga warrior hits you from afar with a +1 trident of freezing!
* * * LOW HITPOINT WARNING * * *
The naga warrior freezes you.
You die...

#### #.<.
#... #.N.
#.N.##
#..N@#
#...)†......
#...##......
#... #...?.
..### ..#..
... .# . ..#
. .. ..


You could see 2 naga warriors and a salamander (strong).

Vanquished Creatures
  Saint Roka (Snake:2)
  Asterion (Snake:1)
  A nagaraja (Snake:2)
  2 orc warlords
  Azrael (Snake:2)
  2 ettins
  5 hydras
  Fannar (Lair:1)
  2 boulder beetles
  8 vault guards (D:13)
  A rakshasa (D:12)
  3 two-headed ogres
  5 anacondas
  4 naga warriors
  6 centaur warriors
  3 alligators (Swamp:1)
  3 naga sharpshooters
  An orc high priest (Orc:1)
  Nergalle (D:11)
  4 thrashing horrors (Lair:5)
  2 shock serpents (Snake:2)
  13 skeletal warriors
  Amaemon (D:11)
  A shadow wraith (D:12)
  6 sea snakes (Snake:2)
  3 deep trolls (D:15)
  4 orc knights
  A necromancer (D:15)
  4 mana vipers
  An orc sorcerer (Orc:2)
  4 cyclopes
  8 ugly things
  4 deep elf pyromancers
  4 manticores
  6 salamanders
  A spectral centaur (D:10)
  19 elephants
  3 guardian serpents
  11 black mambas
  4 naga magi
  5 cane toads
  A gargoyle (D:12)
  2 smoke demons (Lair:5)
  An efreet (D:12)
  An orange demon (D:11)
  A kobold demonologist (D:12)
  13 komodo dragons
  2 tengu conjurers
  3 rime drakes
  3 unseen horrors
  A yaktaur (shapeshifter) (D:14)
  An ice devil (D:15)
  A hellwing (D:15)
  A meliai (shapeshifter) (D:14)
  A troll (shapeshifter) (D:14)
  A polar bear (shapeshifter) (D:12)
  A large abomination (Lair:5)
  A merfolk (shapeshifter) (D:15)
  4 meliai
  2 ancient zymes (Lair:5)
  A polar bear (Lair:4)
  7 trolls
  6 hornets
  A meliai zombie (D:10)
  12 dream sheep (Lair:3)
  31 slime creatures
  20 blink frogs
  Sigmund (D:6)
  8 small abominations (Lair:5)
  A culicivora (shapeshifter) (D:12)
  3 vampires
  2 spriggans (Swamp:1)
  11 flying skulls (D:10)
  2 spectral black mambas (D:10)
  2 ynoxinuls (Lair:5)
  A jumping spider (shapeshifter) (Lair:5)
  7 wraiths
  3 fire elementals (Snake:2)
  4 wyverns
  3 shadows
  9 basilisks
  Grum (D:11)
  3 hogs (D:14)
  An unseen horror simulacrum (D:10)
  A chaos spawn (Lair:5)
  34 yaks
  A steam dragon (D:7)
  13 vampire mosquitoes
  7 wargs
  18 nagas
  A swamp worm (Swamp:1)
  23 water moccasins
  6 acid dragons
  5 hell hounds
  51 orc warriors
  A swamp drake (Swamp:1)
  An ice beast (D:6)
  2 sky beasts (D:7)
  A black bear (Lair:3)
  A black mamba simulacrum (D:10)
  3 boulder beetle simulacra (D:10)
  9 ogres
  17 centaurs
  3 wolves (D:11)
  A kobold brigand (D:8)
  4 bullfrogs
  A scorpion (D:5)
  A wight (D:7)
  17 killer bees
  5 electric eels
  8 howler monkeys
  3 lava snakes (Lair:5)
  3 hounds
  2 jellies
  13 orc priests
  3 hell rats (D:10)
  4 iguanas
  17 orc wizards
  Robin (D:3)
  A howler monkey zombie (D:10)
  2 howler monkey skeletons (D:10)
  7 adders
  2 gnolls (D:1)
  A river rat (Lair:2)
  2 white imps
  5 ufetubi
  A dart slug (D:1)
  82 orcs
  5 bats
  4 endoplasms
  2 giant cockroaches
  13 goblins
  12 hobgoblins
  4 jackals (D:1)
  12 kobolds
  6 quokkas
  6 ball pythons
  2 frilled lizards
  3 rats (D:1)
794 creatures vanquished.

Vanquished Creatures (others)
  Kirke (D:14)
  A black mamba (Snake:2)
  An electric eel (Snake:2)
  An orc wizard (D:12)
  An orc (Orc:1)
  A quokka (D:9)
  2 demonic plants (D:15)
  33 fungi
  34 plants
75 creatures vanquished.

Grand Total: 869 creatures vanquished

Notes
Turn   | Place    | Note
-------+----------+-------------------------------------------
     0 | D:1      | Zeldest the Naga Transmuter began the quest for the Orb.
     0 | D:1      | Reached XP level 1. HP: 18/18 MP: 3/3
   104 | D:1      | Found a faded altar of an unknown god.
   106 | D:1      | Reached XP level 2. HP: 13/25 MP: 5/5
   109 | D:1      | Learned a level 2 spell: Wereblood
   272 | D:2      | Reached XP level 3. HP: 14/31 MP: 2/6
   559 | D:2      | Reached XP level 4. HP: 39/39 MP: 5/7
   701 | D:3      | Found Walunog's Armour Shop.
   840 | D:3      | Noticed Robin
   865 | D:3      | Killed Robin
   866 | D:3      | Reached XP level 5. HP: 31/46 MP: 6/9
  1081 | D:4      | Noticed a wyvern
  1180 | D:4      | Reached skill level 4 in Unarmed Combat
  1195 | D:4      | Found a shimmering blue altar of Sif Muna.
  1290 | D:4      | Reached XP level 6. HP: 33/55 MP: 8/10
  1551 | D:5      | Entered Level 5 of the Dungeon
  1624 | D:5      | Found a stormy altar of Qazlal.
  1647 | D:5      | Noticed a water moccasin
  1655 | D:5      | Killed a water moccasin
  1708 | D:5      | Learned a level 3 spell: Spider Form
  1722 | D:5      | Reached XP level 7. HP: 31/62 MP: 2/12
  1731 | D:5      | Found a glowing silver altar of Zin.
  1735 | D:5      | Reached skill level 1 in Poison Magic
  1806 | D:5      | Found a radiant altar of Vehumet.
  1813 | D:5      | Reached skill level 5 in Unarmed Combat
  1888 | D:4      | Killed a wyvern
  1969 | D:5      | Reached XP level 8. HP: 45/73 MP: 9/13
  2158 | D:6      | Reached skill level 5 in Transmutations
  2179 | D:6      | Noticed a two-headed ogre
  2200 | D:6      | Killed a two-headed ogre
  2201 | D:6      | Reached skill level 5 in Fighting
  2201 | D:6      | Reached skill level 6 in Unarmed Combat
  2201 | D:6      | Reached XP level 9. HP: 35/82 MP: 9/14
  2408 | D:6      | Noticed Sigmund
  2419 | D:6      | Killed Sigmund
  2420 | D:6      | Reached skill level 7 in Unarmed Combat
  2945 | D:7      | Found an opulent altar of Gozag.
  2980 | D:7      | Found a staircase to the Ecumenical Temple.
  2986 | Temple   | Entered the Ecumenical Temple
  3061 | Temple   | Became a worshipper of Cheibriados the Contemplative
  3079 | D:7      | Noticed a hornet
  3091 | D:7      | Killed a hornet
  3092 | D:7      | Reached skill level 1 in Invocations
  3169 | D:7      | Found a basalt altar of Yredelemnul.
  3424 | D:8      | Noticed a hornet
  3429 | D:8      | Reached * piety under Cheibriados
  3438 | D:8      | Killed a hornet
  3743 | D:9      | Found Neafacogg's Jewellery Shoppe.
  3775 | D:9      | Found Vaxki's Weapon Boutique.
  3792 | D:9      | Noticed a hornet
  3920 | D:9      | Learned a level 4 spell: Ice Form
  3999 | D:9      | Noticed a troll
  4006 | D:9      | Killed a troll
  4007 | D:9      | Reached skill level 8 in Unarmed Combat
  4007 | D:9      | Reached XP level 10. HP: 67/94 MP: 12/17
  4014 | D:9      | Found a white marble altar of Elyvilon.
  4152 | D:10     | Entered Level 10 of the Dungeon
  4163 | D:10     | Reached ** piety under Cheibriados
  4164 | D:10     | Reached skill level 1 in Ice Magic
  4168 | D:10     | Reached skill level 5 in Spellcasting
  4330 | D:10     | Reached skill level 5 in Invocations
  4336 | D:10     | Reached skill level 9 in Unarmed Combat
  4405 | D:10     | Reached *** piety under Cheibriados
  4445 | D:10     | Noticed a spectral centaur warrior
  4528 | D:10     | Reached XP level 11. HP: 104/104 MP: 12/18
  4566 | D:10     | Found a bloodstained altar of Trog.
  4882 | D:10     | Reached skill level 10 in Unarmed Combat
  4923 | D:10     | Found an ancient bone altar of Kikubaaqudgha.
  4934 | D:10     | Reached **** piety under Cheibriados
  4955 | D:10     | Got the Grimoire of the Mercurial Zephyr
  5053 | D:10     | Reached skill level 1 in Conjurations
  5088 | D:10     | Learned a level 5 spell: Irradiate
  5126 | D:10     | Reached skill level 10 in Fighting
  5268 | D:9      | Paralysed by a hornet for 1 turns
  5327 | D:9      | Bought an amulet of regeneration for 390 gold pieces
  5400 | D:11     | Noticed Grum
  5417 | D:11     | Killed Grum
  5419 | D:11     | Reached XP level 12. HP: 83/116 MP: 13/19
  5505 | D:11     | Found Wozuug's Magic Scroll Shop.
  5519 | D:11     | Bought a scroll of teleportation for 33 gold pieces
  5655 | D:11     | Noticed Amaemon
  5661 | D:11     | Reached ***** piety under Cheibriados
  5673 | D:11     | Killed Amaemon
  5674 | D:11     | Reached skill level 11 in Unarmed Combat
  5893 | D:11     | Noticed an eight-headed hydra
  5912 | D:11     | Noticed Nergalle
  5922 | D:11     | Killed Nergalle
  5931 | D:11     | Found a staircase to the Lair.
  5940 | Lair:1   | Entered Level 1 of the Lair of Beasts
  5940 | Lair:1   | Noticed Fannar
  5943 | Lair:1   | Noticed a boulder beetle
  5952 | Lair:1   | Killed Fannar
  5968 | Lair:1   | Killed a boulder beetle
  5969 | Lair:1   | Reached skill level 5 in Conjurations
  6219 | Lair:1   | Reached skill level 1 in Evocations
  6221 | Lair:1   | Reached skill level 10 in Invocations
  6397 | Lair:2   | Gained mutation: You can use your snake-like lower body to
                  | constrict enemies. [Naga growth]
  6397 | Lair:2   | Reached XP level 13. HP: 127/127 MP: 18/20
  6476 | Lair:2   | Found a runed translucent gate.
  6477 | Lair:2   | Noticed Hailok's ghost (journeyman MfGl)
  6480 | Lair:2   | Found a runed translucent gate.
  6480 | Lair:2   | Found a runed translucent gate.
  6483 | Lair:2   | Found a staircase to the Swamp.
  6648 | Lair:2   | Reached skill level 12 in Unarmed Combat
  6714 | Lair:2   | You fall into a shaft and drop 1 floor!
  6721 | Lair:3   | Found a transporter.
  6789 | Lair:3   | Identified the +0 ring mail "Isiwkaff" {rPois}
  6824 | Lair:3   | Found a transporter.
  6834 | Lair:3   | Identified the +0 helmet "Sikkap" {Drain rElec rF- rCorr}
  6902 | Lair:3   | Reached ****** piety under Cheibriados
  6919 | Lair:3   | Found a staircase to the Snake Pit.
  6997 | Lair:3   | You fall into a shaft and drop 2 floors!
  6997 | Lair:5   | Entered Level 5 of the Lair of Beasts
  7037 | Lair:5   | Reached skill level 1 in Shields
  7292 | Lair:5   | Reached XP level 14. HP: 119/135 MP: 22/22
  7342 | Lair:5   | Reached skill level 13 in Unarmed Combat
  7782 | Lair:5   | Found a corrupted altar of Lugonu.
  7782 | Lair:5   | Found a one-way gate to the infinite horrors of the Abyss.
  7985 | Lair:4   | Reached skill level 5 in Shields
  8024 | Lair:4   | Found a staircase to the Slime Pits.
  8025 | Lair:4   | Found a viscous altar of Jiyva.
  8149 | Lair:3   | Reached skill level 10 in Transmutations
  8166 | Lair:3   | Identified the +5 ring mail of the Sacrificial Victim
                  | {Stlth+}
  8218 | Lair:3   | Learned a level 2 spell: Blink
  8348 | Swamp:1  | Entered Level 1 of the Swamp
  8356 | Swamp:1  | Reached skill level 1 in Translocations
  8364 | Swamp:1  | Found a basalt altar of Yredelemnul.
  8385 | Swamp:1  | Identified the +5 scale mail of the Curious Continents
                  | {-Tele rElec Dex+4}
  8412 | Swamp:1  | Learned a level 5 spell: Manifold Assault
  8425 | Swamp:1  | Reached skill level 1 in Armour
  8531 | Swamp:1  | Learned a level 1 spell: Apportation
  8724 | D:12     | Reached skill level 1 in Earth Magic
  9025 | D:12     | Noticed an orc warlord
  9037 | D:12     | Killed an orc warlord
  9038 | D:12     | Reached skill level 14 in Unarmed Combat
  9058 | D:12     | Reached XP level 15. HP: 141/141 MP: 24/24
  9061 | D:12     | Identified the +5 rapier of the Goat {flame, rPois rC++}
  9628 | D:13     | Identified the +1 chain mail of Impermeability {Harm
                  | *Corrode rC+++ Int-2}
  9957 | D:14     | Reached skill level 5 in Translocations
 10093 | D:14     | Noticed Kirke
 10112 | D:14     | Killed Kirke
 10113 | D:14     | Reached skill level 5 in Earth Magic
 10263 | D:14     | Found Apsugh's Weapon Shoppe.
 10358 | D:14     | Identified the +2 scale mail "Owirchihie" {Regen+ Int+2
                  | Dex+8}
 10474 | D:15     | Entered Level 15 of the Dungeon
 10827 | D:15     | Found a staircase to the Depths.
 11008 | D:15     | Reached XP level 16. HP: 150/150 MP: 25/25
 11040 | D:15     | Reached skill level 15 in Unarmed Combat
 11157 | D:13     | Found a gate to the Vaults.
 11426 | D:12     | Found a staircase to the Orcish Mines.
 11435 | Orc:1    | Entered Level 1 of the Orcish Mines
 11560 | Orc:2    | Entered Level 2 of the Orcish Mines
 11681 | Orc:2    | Found a bloodstained altar of Trog.
 11852 | Orc:2    | Found Impackut's Book Shoppe.
 11852 | Orc:2    | Found Nuoxtameac's Weapon Boutique.
 11858 | Orc:2    | Found Loudyar's Magic Scroll Shop.
 11859 | Orc:2    | Found Nuren's Armour Emporium.
 11868 | Orc:2    | Bought Great Wizards, Vol. II for 608 gold pieces
 11868 | Orc:2    | Bought a book of Transfigurations for 640 gold pieces
 12234 | Orc:2    | Found a staircase to the Elven Halls.
 12497 | Orc:2    | Learned a level 7 spell: Dragon Form
 12667 | Snake:1  | Entered Level 1 of the Snake Pit
 12709 | Snake:1  | Identified the +1 leather armour "Winil" {Dex+4 Stlth+}
 12874 | Snake:2  | Noticed Azrael
 12999 | Snake:1  | Noticed Asterion
 13010 | Snake:1  | Killed Asterion
 13148 | Snake:2  | Noticed a nagaraja
 13338 | Snake:2  | Killed a nagaraja
 13339 | Snake:2  | Reached XP level 17. HP: 143/157 MP: 27/27
 13377 | Snake:2  | Identified the +0 ring mail of Folepe {Harm *Slow rC+++
                  | Str-4}
 13505 | Snake:2  | Killed Azrael
 13507 | Snake:2  | Noticed Saint Roka
 13515 | Snake:2  | Killed Saint Roka
 13806 | Snake:3  | HP: 4/157 [naga warrior/+1 trident of freezing (11)]
 13806 | Snake:3  | Slain by a naga warrior

Illustrated notes

Levels and vault maps discovered:
D:1:      ebering_trefoil_3fold, layout_rooms,
          shapermc_ecumenical_altar_notcrosses, corner_web_ring,
          serial_bayou_pond_b
D:2:      layout_basic, serial_glass, glass_columns_a, glass_columns_b,
          minmay_strange_pillars, minmay_statues_item, corexii_corridor_pit
D:3:      layout_rooms, serial_shops, shop, serial_glass, glass_columns_b,
          glass_columns_a, minmay_misc_feat_tower,
          chequers_serial_rivers_small_3, minmay_misc_feat_four_crosses,
          amethyst_killhole, grunt_ministairs_10, uniq_robin
D:4:      layout_loops_ring, kennysheep_little_box
D:5:      layout_layer_cave, mainiacjoe_overflow_concentric_impassable,
          nicolae_vehumet_altar_sigil, mainiacjoe_overflow_six_doors_small,
          minmay_misc_feat_encased
D:6:      layout_loops_corners, hangedman_decor_opposing, uniq_sigmund
D:7:      minmay_evil_eye, layout_loops_ring, overflow_temple_1_default,
          nicolae_gozag_cash_rules_everything_around_me,
          minmay_temple_entry_hall, minmay_puff
D:8:      layout_basic
D:9:      nicolae_cairo_tiling, layout_loops_ring, elyvilon_altar_4,
          serial_shops, kennysheep_mini_moat, nicolae_stop_n_shop_1
D:10:     lemuel_vampire_tower, layout_basic, overflow_temple_1_default
D:11:     layout_loops_cross, david_lair_shrubbed, serial_shops,
          nicolae_shop_crystal, uniq_nergalle, uniq_snorg, uniq_grum,
          uniq_amaemon
D:12:     minmay_the_grid_3x3 [minmay_the_grid_plusring,
          minmay_the_grid_pillar_ring, minmay_the_grid_small_cups,
          minmay_the_grid_armoury, minmay_the_grid_aliased_spiral,
          minmay_the_grid_fan, minmay_the_grid_holed_spiral,
          minmay_the_grid_spin_star, minmay_the_grid_prize_big_room],
          layout_small_grid, orc_0_dummy
D:13:     layout_long_grid, erik_vaults_2, grunt_ministairs_9,
          hangedman_abyss_or_decor_stagger
D:14:     layout_roguey, minmay_crystal_water, serial_shops, shop, uniq_kirke
D:15:     hangedman_depths_entry_civil_slaughter, layout_basic, serial_demonic,
          serial_demonic_e, serial_demonic_e, serial_demonic_b,
          serial_demonic_e, chequers_serial_rivers_micro_a,
          serial_bayou_crossing
Temple:   dpeg_chambers_temple
Lair:1:   layout_concentric_octagons, st_stairs_13, columned_hall_lemuel,
          serial_bayou_shore_a, uniq_fannar
Lair:2:   layout_regular_city, swamp_mist, gammafunk_ghost_split, pond,
          lemuel_fruit_fields, serial_bayou_shore_b
Lair:3:   gammafunk_cloud_chamber, layout_regular_city,
          minmay_snake_entry_guardpost_medium
Lair:4:   layout_gridlike, slime_entry_1, nicolae_lair_lindhole
Lair:5:   hellmonk_lair_end_abyssal_woods, layout_regular_city, disabler_island,
          infiniplex_staircase_pool_2
Swamp:1:  layout_basic_swamp, basic_altar
Snake:1:  layout_onion_interference, uniq_asterion
Snake:2:  layout_basic, uniq_saint_roka, uniq_azrael
Snake:3:  layout_rooms, serial_shops, shop
Orc:1:    cheibrodos_orc_bank, layout_caves, mines1_david
Orc:2:    st_orc_rangers, layout_diamond_mine, basic_altar

Skill      XL: |  1  2  3  4  5  6  7  8  9 10 11 12 13 14 15 16 17 |
---------------+----------------------------------------------------+-----
Fighting       | 2 3 4 5 7 8 10 11 | 11.6
Transmutations | 3 4 6 7 9 10 11 | 11.6
Spellcasting   | 3 4 5 6 7 |  7.0
Unarmed Combat | 4 5 6 8 9 10 11 12 14 15 | 15.4
Poison Magic   | 3 |  3.0
Invocations    | 3 6 8 10 11 12 | 12.0
Ice Magic      | 3 |  3.0
Conjurations   | 2 5 7 |  7.0
Evocations     | 2 3 |  3.8
Shields        | 3 5 7 8 |  8.3
Translocations | 3 6 |  6.9
Armour         | 2 3 4 |  4.1
Earth Magic    | 2 6 |  6.7
Dodging        | 2 4 |  4.8

Action                   |  1- 3 |  4- 6 |  7- 9 | 10-12 | 13-15 | 16-18 || total
-------------------------+-------+-------+-------+-------+-------+-------++-------
Melee: Unarmed           |    59 |   112 |   232 |   475 |   904 |   577 ||  2359
       Headbutt          |    12 |    12 |    28 |       |       |       ||    52
       Punch             |       |     3 |    12 |    13 |   129 |     9 ||   166
       Constrict         |       |       |       |       |   177 |   130 ||   307
       Tailslap          |       |       |       |       |       |     5 ||     5
       Bite              |       |       |       |       |       |     3 ||     3
 Cast: Beastly Appendage |    16 |    14 |    12 |       |     1 |       ||    43
       Wereblood         |     5 |     5 |     8 |    26 |    54 |    28 ||   126
       Spider Form       |       |     1 |    13 |     7 |       |       ||    21
       Ice Form          |       |       |       |    22 |     4 |       ||    26
       Irradiate         |       |       |       |     6 |    18 |     5 ||    29
       Apportation       |       |       |       |       |     2 |       ||     2
       Manifold Assault  |       |       |       |       |       |     4 ||     4
       Dragon Form       |       |       |       |       |       |     3 ||     3
       Blink             |       |       |       |       |       |     1 ||     1
Invok: Slouch            |       |       |       |     2 |     1 |     2 ||     5
       Step From Time    |       |       |       |       |     2 |     4 ||     6
 Abil: Spit Poison       |    16 |    14 |    21 |     6 |     8 |     1 ||    66
       End Transformatio |       |       |       |     7 |     5 |     2 ||    14
Evoke: Wand              |       |       |       |     2 |     2 |     3 ||     7
       Condenser vane    |       |       |       |       |     2 |     1 ||     3
  Use: Potion            |       |     1 |       |     1 |     6 |     1 ||     9
       Scroll            |       |     5 |     3 |     8 |    19 |     1 ||    36
 Stab: Sleeping          |       |       |     1 |     3 |     4 |       ||     8
       Invisible         |       |       |       |       |     1 |       ||     1
Armor: Robe              |     8 |    29 |    17 |       |       |       ||    54
       Skin              |       |    13 |    11 |    93 |    14 |    16 ||   147
       Steam dragon scal |       |       |   105 |   193 |   289 |       ||   587
       Ring mail         |       |       |       |       |    46 |       ||    46
       Troll leather arm |       |       |       |       |   235 |       ||   235
       Scale mail        |       |       |       |       |   118 |   296 ||   414
Dodge: Dodged            |    21 |    66 |   167 |   256 |   463 |   211 ||  1184
Block: Tower shield      |       |       |       |       |       |   659 ||   659
       Kite shield       |       |       |       |       |       |   109 ||   109

Table legend: (Time is in decaauts)
 A = Elapsed time spent in this place.
 B = Non-inter-level travel time spent in this place.
 C = Inter-level travel time spent in this place.
 D = Time resting spent in this place.
 E = Time spent auto-exploring this place.
 F = Levels seen in this place.
 G = Mean time per level.
                   A        B        C        D        E       F      G
               +--------+--------+--------+--------+--------+-----+--------+
         Total |  26630 |  23764 |   2866 |     13 |      0 |  27 |  986.3 |
       Dungeon |  15536 |  13602 |   1934 |     13 |      0 |  15 | 1035.7 |
        Temple |    127 |    127 |      0 |      0 |      0 |   1 |  127.0 |
          Lair |   5549 |   4876 |    673 |      0 |      0 |   5 | 1109.8 |
         Swamp |    453 |    453 |      0 |      0 |      0 |   1 |  453.0 |
     Snake Pit |   2547 |   2331 |    216 |      0 |      0 |   3 |  849.0 |
  Orcish Mines |   2415 |   2373 |     42 |      0 |      0 |   2 | 1207.5 |
               +--------+--------+--------+--------+--------+-----+--------+

Top non-repeatable levels by time:
    D:12: 2566 daAuts
  Lair:5: 1816 daAuts
    D:10: 1810 daAuts
    D:13: 1458 daAuts
 Snake:2: 1370 daAuts
    D:15: 1304 daAuts
   Orc:2: 1283 daAuts
    D:14: 1178 daAuts
 Snake:1: 1165 daAuts
  Lair:3: 1139 daAuts
     D:9: 1133 daAuts
   Orc:1: 1131 daAuts
    D:11: 1125 daAuts
  Lair:2: 1070 daAuts
  Lair:1: 1035 daAuts
